[Event "XXIV San Miguel 2018"]
[Site "Trevias"]
[Date "2018.09.17"]
[Round "1"]
[White "Castro Quijano, Eduardo"]
[Black "Clemente Llamero, Roberto"]
[Result "0-1"]
[ECO "B10"]
[WhiteElo "1766"]
[BlackElo "2086"]
[Annotator "NA RC"]
[PlyCount "88"]
[EventDate "2018.09.17"]
[EventType "swiss"]
[EventCountry "ESP"]
[SourceTitle "playchess.com"]
[Source "ChessBase"]
[SourceQuality "1"]
[TimeControl "5400+30"]

1. e4 c6 2. Nf3 d5 3. Nc3 dxe4 4. Nxe4 Nf6 5. Qe2 Nxe4 6. Qxe4 Nd7 7. d4 Nf6 8. Qd3 Qd5 9. c4 Qe4+ 10. Be3 g6 11. O-O-O Bg7 12. Qxe4 Nxe4 13. Bd3 Nf6 14. Rhe1 O-O 15. Bc2 Bg4 16. d5 cxd5 17. cxd5 Rfd8 18. Bb3 Bf5 19. Rd4 Rac8+ 20. Kd1 Ne4 21. Rb4 Bxb2 22. Rxb7 Nc3+ 23. Kd2 Nxd5 24. Ke2 Bf6 25. Rxa7 Nxe3 26. Kxe3 Bc2 27. Bxc2 Rxc2 28. Re2 Rc3+ 29. Kf4 Rdc8 30. h4 R8c4+ 31. Re4 Rc5 32. a4 Ra3 33. Kg3 Rc2 34. Rg4 h5 35. Rb4 Raa2 36. Ra8+ Kg7 37. Rbb8 Rxf2 38. Rg8+ Kh7 39. Ng5+ Bxg5 40. hxg5 Rxg2+ 41. Kf4 Rg4+ 42. Kf3 Rxg5 43. Raf8 Rf5+ 44. Kg3 Rxa4 0-1

[Event "XXIV San Miguel 2018"]
[Site "Trevias"]
[Date "2018.09.18"]
[Round "2"]
[White "Alvarez Fernandez, Enrique"]
[Black "Garcia Gonzalez, Fernando"]
[Result "1-0"]
[ECO "A50"]
[WhiteElo "2303"]
[BlackElo "2027"]
[Annotator "ChessBase"]
[PlyCount "57"]
[EventDate "2018.09.17"]
[EventType "swiss"]
[EventCountry "ESP"]
[SourceTitle "playchess.com"]
[Source "ChessBase"]
[SourceQuality "1"]
[TimeControl "5400+30"]

1. d4 Nf6 2. c4 Nc6 3. Nf3 e6 4. Nc3 Bb4 5. Qc2 Bxc3+ 6. Qxc3 Ne4 7. Qc2 f5 8. g3 Nb4 9. Qa4 c5 10. Bg2 O-O 11. O-O d6 12. a3 Bd7 13. Qb3 Nc6 14. dxc5 Na5 15. Qc2 Qe8 16. b3 d5 17. Bd2 Nxb3 18. Qxb3 Ba4 19. Qb2 dxc4 20. Ne5 Bc6 21. Nxc6 Qxc6 22. Rac1 Qxc5 23. Bxe4 fxe4 24. Bb4 Qb5 25. Qd4 Rfc8 26. Qxe4 Rc6 27. Rfd1 a5 28. Bc3 Rac8 29. Rd7 1-0

[Event "XXIV San Miguel 2018"]
[Site "Trevias"]
[Date "2018.09.18"]
[Round "2"]
[White "Cuevas Fernandez, Jose Alberto"]
[Black "Crespo Gavilan, Abel"]
[Result "1-0"]
[ECO "A04"]
[WhiteElo "2173"]
[BlackElo "1992"]
[Annotator "ChessBase"]
[PlyCount "57"]
[EventDate "2018.09.17"]
[EventType "swiss"]
[EventCountry "ESP"]
[SourceTitle "playchess.com"]
[Source "ChessBase"]
[SourceQuality "1"]
[TimeControl "5400+30"]

1. Nf3 c5 2. c4 Nf6 3. Nc3 b6 4. e4 d6 5. d4 cxd4 6. Nxd4 Bb7 7. f3 a6 8. Be3 Nbd7 9. g4 h6 10. h4 Qc7 11. Rc1 e6 12. Be2 Be7 13. Kf2 Nf8 14. b4 Qd8 15. g5 N6d7 16. f4 g6 17. h5 e5 18. hxg6 Nxg6 19. Ne6 fxe6 20. Bh5 O-O 21. Bxg6 exf4 22. Bh7+ Kg7 23. Bd4+ e5 24. Rxh6 f3 25. Qh1 exd4 26. Rg6+ Kf7 27. Qh5 Bxg5 28. Rxg5+ Ke7 29. Rg7+ 1-0

[Event "XXIV San Miguel 2018"]
[Site "Trevias"]
[Date "2018.09.18"]
[Round "2"]
[White "Cuevas Fernandez, Manuel A."]
[Black "Gonzalez Guedes, Iyan"]
[Result "1/2-1/2"]
[ECO "E73"]
[WhiteElo "2113"]
[BlackElo "1927"]
[Annotator "NA"]
[PlyCount "30"]
[EventDate "2018.09.17"]
[EventType "swiss"]
[EventCountry "ESP"]
[SourceTitle "playchess.com"]
[Source "ChessBase"]
[SourceQuality "1"]
[TimeControl "5400+30"]

1. d4 Nf6 2. c4 g6 3. Nc3 Bg7 4. e4 d6 5. Be2 O-O 6. g4 c5 7. g5 Ne8 8. d5 e6 9. h4 exd5 10. cxd5 f6 11. Nf3 fxg5 12. Bxg5 Qb6 {[#]} 13. Qd2 $11 (13. Bd2 $1 $16) 13... Bg4 14. Ng1 Bxe2 15. Ngxe2 Nd7 1/2-1/2

[Event "XXIV San Miguel 2018"]
[Site "Trevias"]
[Date "2018.09.18"]
[Round "2"]
[White "Clemente Llamero, Roberto"]
[Black "Bombin Pinera, Dionisio"]
[Result "1/2-1/2"]
[ECO "C10"]
[WhiteElo "2086"]
[BlackElo "1887"]
[Annotator "NA RC"]
[PlyCount "20"]
[EventDate "2018.09.17"]
[EventType "swiss"]
[EventCountry "ESP"]
[SourceTitle "playchess.com"]
[Source "ChessBase"]
[SourceQuality "1"]
[TimeControl "5400+30"]

1. e4 e6 2. d4 d5 3. Nd2 dxe4 4. Nxe4 Bd7 5. Nf3 Bc6 6. Bd3 Nd7 7. O-O Ngf6 8. Ng3 Be7 9. Re1 O-O 10. c3 Re8 1/2-1/2

[Event "XXIV San Miguel 2018"]
[Site "Trevias"]
[Date "2018.09.18"]
[Round "2"]
[White "Estrada Martinez, Cesar"]
[Black "Perez Nunez, Saul"]
[Result "*"]
[ECO "D02"]
[WhiteElo "2010"]
[BlackElo "2182"]
[Annotator "NA"]
[PlyCount "49"]
[EventDate "2018.09.17"]
[EventType "swiss"]
[EventCountry "ESP"]
[SourceTitle "playchess.com"]
[Source "ChessBase"]
[SourceQuality "1"]
[TimeControl "5400+30"]

1. d4 d5 2. Nf3 e6 3. Bf4 Nf6 4. e3 c5 5. c3 Nc6 6. Bd3 Be7 {[%emt 0:02:20] LiveBook: 11 Games} 7. h3 {D02: 1 d4 d5 2 Nf3 sidelines, including 2...Nf6 3 g3 and 2...Nf6 3 Bf4} (7. Nbd2 Nh5 8. Bg3 g6 9. Qe2 O-O 10. Rd1 Qb6 11. Nf1 Bd7 12. Bh4 Bxh4 13. Nxh4 cxd4 14. g4 Nf6 15. exd4 e5 16. dxe5 Bxg4 {0-1 (31) Niedbala,B (2020)-Rodshtein,M (2699) Katowice 2017}) 7... h6 8. Nbd2 cxd4 9. exd4 {[%emt 0:01:22] White is slightly better.} Bd6 10. Bxd6 Qxd6 11. O-O O-O 12. Qe2 $146 ({Predecessor:} 12. Re1 Re8 {1-0 (47) Do Prado,H (1754)-Abdalla,U (1320) Florianopolis 2018}) 12... Qc7 13. Rfe1 a6 14. Ne5 Nxe5 15. Qxe5 Qxe5 16. Rxe5 Bd7 17. Nf3 b5 18. Re2 Rfc8 19. Ne5 Be8 20. f4 a5 21. f5 b4 22. fxe6 fxe6 23. c4 dxc4 24. Bxc4 Nd5 25. Rf2 *

[Event "XXIV San Miguel 2018"]
[Site "Trevias"]
[Date "2018.09.18"]
[Round "2"]
[White "Alvarez Perez, Adan"]
[Black "Blazquez Lopez, Berna"]
[Result "1/2-1/2"]
[ECO "D00"]
[WhiteElo "1950"]
[BlackElo "2134"]
[Annotator "ChessBase"]
[PlyCount "47"]
[EventDate "2018.09.17"]
[EventType "swiss"]
[EventCountry "ESP"]
[SourceTitle "playchess.com"]
[Source "ChessBase"]
[SourceQuality "1"]
[TimeControl "5400+30"]

1. d4 d5 2. Bg5 f6 3. Bf4 c5 4. e3 Nc6 5. Bd3 g6 6. c3 e5 7. dxe5 fxe5 8. Bg3 Bg7 9. h4 Nf6 10. Nd2 e4 11. Bb5 O-O 12. Nb3 Qe7 13. Nh3 Bg4 14. Be2 Bxe2 15. Qxe2 c4 16. Nd2 Nh5 17. Bf4 Be5 18. g3 b5 19. a3 a5 20. Rb1 b4 21. Nxc4 bxc3 22. Bxe5 Nxe5 23. Nxe5 Qxe5 24. bxc3 1/2-1/2

[Event "XXIV San Miguel 2018"]
[Site "Trevias"]
[Date "2018.09.19"]
[Round "3"]
[White "Blazquez Lopez, Berna"]
[Black "Alvarez Fernandez, Enrique"]
[Result "1/2-1/2"]
[ECO "D37"]
[WhiteElo "2134"]
[BlackElo "2303"]
[Annotator "NA"]
[PlyCount "51"]
[EventDate "2018.09.17"]
[EventType "swiss"]
[EventCountry "ESP"]
[SourceTitle "playchess.com"]
[Source "ChessBase"]
[SourceQuality "1"]
[TimeControl "5400+30"]

1. d4 e6 2. c4 Nf6 3. Nf3 d5 4. Nc3 Be7 5. Bf4 O-O 6. e3 c5 7. dxc5 Bxc5 8. cxd5 exd5 9. Be2 Nc6 10. O-O Be6 11. Rc1 a6 {[%emt 0:05:15] LiveBook: 17 Games D37: Queen's Gambit Declined: 5 Bf4} (11... Rc8 12. Nb5 Ne4 13. Nfd4 g5 14. Bg3 Nxd4 15. Nxd4 Qf6 16. Nxe6 fxe6 17. Bg4 Bb6 18. Qe2 Nxg3 19. hxg3 Qe5 20. Rxc8 Rxc8 {½-½ (30) Lupulescu,C (2634)-Agamaliev,G (2493) Konya 2017}) 12. a3 Be7 13. Nd4 Bd6 $146 ({Predecessor:} 13... Rc8 14. Bf3 Nxd4 15. Qxd4 Rc4 16. Qd3 Qc8 17. Ne2 Rd8 18. b3 Rc6 19. Rxc6 bxc6 20. b4 Bf5 21. Qc3 Be4 22. Nd4 {0-1 (50) Neferanovic,I (1689)-Saric,K (2237) Djakovo 2011}) 14. Bxd6 Qxd6 15. Nxc6 bxc6 16. Na4 Nd7 17. Qc2 Rfc8 18. Nc5 a5 19. Rfd1 Nxc5 20. Qxc5 Qxc5 21. Rxc5 Kf8 22. b4 axb4 23. axb4 $11 Ke7 24. b5 cxb5 25. Rxc8 Rxc8 26. Bxb5 1/2-1/2

[Event "XXIV San Miguel 2018"]
[Site "Trevias"]
[Date "2018.09.19"]
[Round "3"]
[White "Acebal Muniz, Antonio"]
[Black "Estrada Martinez, Cesar"]
[Result "1/2-1/2"]
[ECO "D46"]
[WhiteElo "2105"]
[BlackElo "2010"]
[Annotator "NA"]
[PlyCount "23"]
[EventDate "2018.09.17"]
[EventType "swiss"]
[EventCountry "ESP"]
[SourceTitle "playchess.com"]
[Source "ChessBase"]
[SourceQuality "1"]
[TimeControl "5400+30"]

1. Nf3 d5 2. d4 Nf6 3. c4 c6 4. Nc3 e6 5. e3 Bd6 6. Bd3 Nbd7 7. e4 dxe4 8. Nxe4 Nxe4 9. Bxe4 Nf6 10. Bc2 O-O 11. O-O h6 12. b3 1/2-1/2

[Event "XXIV San Miguel 2018"]
[Site "Trevias"]
[Date "2018.09.19"]
[Round "3"]
[White "Crespo Gavilan, Abel"]
[Black "Almirante Olay, Ruben"]
[Result "1-0"]
[ECO "B38"]
[WhiteElo "1992"]
[BlackElo "1809"]
[Annotator "NA RC"]
[PlyCount "89"]
[EventDate "2018.09.17"]
[EventType "swiss"]
[EventCountry "ESP"]
[SourceTitle "playchess.com"]
[Source "ChessBase"]
[SourceQuality "1"]
[TimeControl "5400+30"]

1. c4 c5 2. Nf3 Nc6 3. d4 cxd4 4. Nxd4 g6 5. e4 Bg7 6. Be3 Nf6 7. Nc3 d6 8. Be2 O-O 9. O-O Ne5 10. f3 Bd7 {[%emt 0:01:46] B38: Sicilian: Maroczy Bind with 5...Bg7 and 7...0-0} 11. Qd2 {[%emt 0:00:52] LiveBook: 9 Games} (11. Rc1 a6 12. Qd2 Rc8 13. b3 Re8 14. Rc2 Nc6 15. Rb1 Nb4 16. Rcc1 Nh5 17. Bf1 Nc6 18. Nde2 f5 19. Nd5 fxe4 20. Bb6 exf3 21. gxf3 Rc7 22. Bxc7 {1-0 (39) Dudukin,I (2396)-Zaremba,A (2348) chess.com INT 2017}) 11... Qa5 12. Rfc1 $146 ({Predecessor:} 12. Nd5 Qd8 13. Rac1 Rc8 14. Rfd1 b6 15. Bh6 Ne8 16. Bxg7 Kxg7 17. f4 e6 18. fxe5 exd5 19. cxd5 dxe5 20. Rxc8 Qxc8 {1-0 (42) Opitz,C (2020)-Schatz,C (2179) Dresden 2009}) 12... Rfc8 13. b3 Nc6 14. a3 Qe5 15. Nxc6 bxc6 16. Bd4 $2 {[%emt 0:03:49] [#]} (16. b4 $16) 16... Qa5 $2 (16... Nxe4 $1 $19 17. fxe4 (17. Nxe4 Qxd4+) 17... Qxd4+ 18. Qxd4 Bxd4+ 19. Kh1 a5) 17. b4 Qd8 18. Qe3 Be6 (18... c5 $1 $15 19. Bxf6 Bxf6 20. bxc5 Rxc5) 19. Rd1 Nd7 20. Bxg7 Kxg7 21. Na4 Qc7 22. f4 Nb6 23. Nb2 c5 (23... Nd7 $11) 24. b5 f6 25. a4 a5 26. Qc3 Rd8 27. Bf3 Ra7 28. Rd3 Bf7 29. Rad1 Rd7 30. Bg4 Rd8 31. Bf3 Rd7 32. h4 h5 33. Be2 d5 34. exd5 Qxf4 35. g3 Qb8 36. Rf1 Rd6 37. Re3 Be8 38. Bd1 Bd7 39. Rxe7+ Kf8 40. Rfe1 (40. Rxf6+ $142 Kxe7 41. Qe5+ Be6 42. Rxe6+ Rxe6 43. Qxb8) 40... Nc8 41. R7e3 Bf5 42. Bc2 Bxc2 43. Qxc2 Kf7 44. Qc3 Nb6 $18 (44... Re7 $142 45. Kg2 Qa7 46. Rxe7+ Nxe7) 45. Kg2 1-0

[Event "XXIV San Miguel 2018"]
[Site "Trevias"]
[Date "2018.09.19"]
[Round "3"]
[White "Oria Blasco, Alberto"]
[Black "Vergara Anton, Diego"]
[Result "1/2-1/2"]
[ECO "A14"]
[WhiteElo "1838"]
[BlackElo "2063"]
[Annotator "NA RC"]
[PlyCount "49"]
[EventDate "2018.09.17"]
[EventType "swiss"]
[EventCountry "ESP"]
[SourceTitle "playchess.com"]
[Source "ChessBase"]
[SourceQuality "1"]
[TimeControl "5400+30"]

1. Nf3 d5 2. c4 e6 3. g3 Nf6 4. Bg2 Be7 5. O-O O-O 6. b3 c5 7. cxd5 exd5 8. d4 Nc6 9. dxc5 Ne4 10. Bb2 {LiveBook: 70 Games} Bxc5 11. Bd4 $146 {D30: Queen's Gambit Declined: Systems without Nc3} ({Predecessor:} 11. e3 Qe7 12. Nc3 Rd8 13. Qc1 Be6 14. Qc2 Nxc3 15. Bxc3 d4 16. exd4 Nxd4 17. Nxd4 Bxd4 18. Bxd4 Rxd4 {½-½ (41) Artemiev,V (2673)-Gasanov,E (2488) Moscow 2016}) 11... Nxd4 12. Nxd4 Qf6 13. e3 Rd8 14. Nd2 Nc3 15. Qc2 ({White should play} 15. Qe1 $15) 15... Bxd4 16. exd4 Ne2+ ({But not} 16... Qxd4 17. Nf3 $15) 17. Kh1 Nxd4 18. Qb2 Qb6 19. Nf3 Nxf3 20. Bxf3 d4 21. Rfd1 Bf5 22. Rd2 d3 23. Rad1 Re8 24. Qa3 Rac8 $19 25. Qa4 1/2-1/2

[Event "XXIV San Miguel 2018"]
[Site "Trevias"]
[Date "2018.09.20"]
[Round "4"]
[White "Clemente Llamero, Roberto"]
[Black "Gonzalez Guedes, Iyan"]
[Result "1/2-1/2"]
[ECO "B51"]
[WhiteElo "2086"]
[BlackElo "1927"]
[Annotator "NA RC"]
[PlyCount "57"]
[EventDate "2018.09.17"]
[EventType "swiss"]
[EventCountry "ESP"]
[SourceTitle "playchess.com"]
[Source "ChessBase"]
[SourceQuality "1"]
[TimeControl "5400+30"]

1. e4 c5 2. Nf3 d6 3. Bb5+ Nd7 4. O-O a6 5. Bd3 {B51: Sicilian: Moscow Variation (3 Bb5+) without 3...Bd7} b5 (5... Ngf6 6. Re1 g6 7. c3 Bg7 8. Bc2 O-O 9. d4 e5 10. a4 cxd4 11. cxd4 exd4 12. Nxd4 Nc5 {1-0 (33) Jakovenko,D (2748)-Nepomniachtchi,I (2768) Satka 2018}) 6. c3 Bb7 7. Re1 Ngf6 8. Bc2 Qc7 9. d3 g6 10. h3 $146 ({Predecessor:} 10. Bg5 Bg7 11. Qc1 h6 12. Bd2 Nb6 13. a4 Nxa4 14. Bxa4 bxa4 {1-0 (55) Bukojemski,A (2194)-Bates,R (2371) Basingstoke 2018}) 10... Bg7 11. Be3 c4 12. dxc4 Qxc4 13. Nbd2 Qc7 14. a4 O-O 15. axb5 axb5 16. Rxa8 Rxa8 17. Nd4 Qa5 (17... Ba6 $11) 18. f3 (18. b4 $14 Qd8 19. Nxb5) 18... d5 19. exd5 (19. b4 $14 Qa6 20. Bd3) 19... Nxd5 20. Bf2 e5 21. N4b3 Qc7 22. Bd3 b4 23. c4 Nf4 24. Bf1 Rd8 25. Qc2 Nf8 26. Ra1 N8e6 27. Ra7 Ra8 28. Rxa8+ Bxa8 29. c5 $11 1/2-1/2

[Event "XXIV San Miguel 2018"]
[Site "Trevias"]
[Date "2018.09.20"]
[Round "4"]
[White "Vergara Anton, Diego"]
[Black "Bombin Pinera, Dionisio"]
[Result "1/2-1/2"]
[ECO "A46"]
[WhiteElo "2063"]
[BlackElo "1887"]
[Annotator "NA"]
[PlyCount "45"]
[EventDate "2018.09.17"]
[EventType "swiss"]
[EventCountry "ESP"]
[SourceTitle "playchess.com"]
[Source "ChessBase"]
[SourceQuality "1"]
[TimeControl "5400+30"]

1. d4 Nf6 2. Nf3 d5 3. g3 Bf5 4. Bg2 e6 5. c4 {D02: Damenbauernspiele} Bxb1 (5... c6 6. O-O Nbd7 7. Nc3 dxc4 8. a4 a5 9. Nh4 Bg4 10. h3 Bh5 11. f4 Nd5 12. Nf3 Bg6 13. Nh4 Bh5 14. Nf3 Bb4 15. Qc2 {0-1 (32) Shimanov,A (2639)-Adhiban,B (2689) Atlantic City 2016}) 6. Rxb1 c6 7. O-O Be7 8. Qb3 $146 ({Vorgänger:} 8. Qc2 Nbd7 9. b3 O-O 10. Bb2 Qc7 11. Nd2 Rfd8 12. e4 dxe4 13. Nxe4 Nxe4 14. Bxe4 {½-½ (41) Goncalves,I (2208)-De Souza,A (2107) Cuiaba 2016}) 8... Qb6 9. Qc2 O-O 10. c5 Qa6 11. b4 b6 12. Ne5 bxc5 13. dxc5 Nbd7 14. Nxd7 Nxd7 15. Rd1 Ne5 16. e4 Qc4 17. Qxc4 Nxc4 ({Besser ist} 17... dxc4 $14 18. Be3 Rad8) 18. exd5 cxd5 (18... exd5 $142 19. b5 Rab8) 19. Bf1 Ne5 20. Ba6 Rab8 21. Bf4 $18 f6 22. Rdc1 Bd8 23. Kg2 1/2-1/2

[Event "XXIV San Miguel 2018"]
[Site "Trevias"]
[Date "2018.09.21"]
[Round "5"]
[White "Gonzalez Guedes, Iyan"]
[Black "Gutierrez Abarrategui, Luis"]
[Result "1/2-1/2"]
[ECO "B10"]
[WhiteElo "1927"]
[BlackElo "1872"]
[Annotator "NA"]
[PlyCount "26"]
[EventDate "2018.09.17"]
[EventType "swiss"]
[EventCountry "ESP"]
[SourceTitle "playchess.com"]
[Source "ChessBase"]
[SourceQuality "1"]
[TimeControl "5400+30"]

1. e4 c6 2. c4 d5 3. exd5 cxd5 4. cxd5 Nf6 5. Nc3 Nxd5 6. Nf3 Nc6 7. Bb5 Nxc3 8. bxc3 Bd7 9. O-O {[%emt 0:01:51] LiveBook: 9 Games} e6 10. d4 Qa5 ({Lieber} 10... Bd6 $14) 11. Qe2 a6 12. Bd3 Be7 $16 13. c4 O-O 1/2-1/2

[Event "XXIV San Miguel 2018"]
[Site "Trevias"]
[Date "2018.09.22"]
[Round "6"]
[White "Suarez Fernandez, Pablo"]
[Black "Garcia Gonzalez, Fernando"]
[Result "1-0"]
[ECO "B01"]
[WhiteElo "2084"]
[BlackElo "2027"]
[Annotator "NA RC"]
[PlyCount "63"]
[EventDate "2018.09.17"]
[EventType "swiss"]
[EventCountry "ESP"]
[SourceTitle "playchess.com"]
[Source "ChessBase"]
[SourceQuality "1"]
[TimeControl "5400+30"]

1. e4 d5 2. Nc3 d4 3. Nce2 c5 4. Ng3 Nc6 {[%emt 0:00:30] LiveBook: 39 Games} 5. Bc4 Nf6 {[%emt 0:03:45] A00: Irregular Openings} (5... a6 6. d3 e6 7. a4 Bd6 8. f4 e5 9. f5 Nf6 10. Nh5 g6 11. Ng7+ Ke7 12. Nh3 Rg8 13. Bh6 gxf5 {0-1 (48) Andreikin,D (2720)-Svidler,P (2727) Berlin 2015}) 6. d3 h5 7. h3 h4 8. N3e2 b5 9. Bb3 $1 Bb7 $146 ({Predecessor:} 9... c4 10. dxc4 bxc4 11. Bxc4 Nxe4 12. Nf3 Qa5+ 13. c3 dxc3 {½-½ (57) Bakalar,J (2128)-Foltyn,L (2027) Frydek Mistek 2010}) 10. Nf3 e6 11. Bg5 Qc7 12. a4 a6 13. axb5 axb5 14. Rxa8+ Bxa8 15. O-O ({Inferior is} 15. Nxh4 {[#]} c4 $1 $17 ) 15... Bd6 16. Qd2 Nh5 17. Ra1 Bb7 18. Bxh4 Nf4 19. Nxf4 Bxf4 20. Qe1 g5 $2 (20... Ne5 $11 21. Nxe5 Bxe5) 21. Bxg5 Bxg5 22. Nxg5 Qf4 23. Qc1 Qf6 (23... Qxc1+ {keeps fighting.} 24. Rxc1 Ke7) 24. f4 c4 25. dxc4 d3 26. cxd3 Qd4+ 27. Kh1 Qxd3 28. Qc3 $2 (28. cxb5 Nd8 29. Ba4) 28... Qxc3 29. bxc3 b4 (29... bxc4 $142 30. Bxc4 Ke7) 30. cxb4 Nd4 31. Ra7 Bc8 32. Ba4+ $18 1-0

[Event "XXIV San Miguel 2018"]
[Site "Trevias"]
[Date "2018.09.22"]
[Round "6"]
[White "Vergara Anton, Diego"]
[Black "Perez Nunez, Saul"]
[Result "1/2-1/2"]
[ECO "E06"]
[WhiteElo "2063"]
[BlackElo "2182"]
[Annotator "ChessBase"]
[PlyCount "31"]
[EventDate "2018.09.17"]
[EventType "swiss"]
[EventCountry "ESP"]
[SourceTitle "playchess.com"]
[Source "ChessBase"]
[SourceQuality "1"]
[TimeControl "5400+30"]

1. d4 d5 2. Nf3 e6 3. c4 Nf6 4. g3 Be7 5. Bg2 O-O 6. O-O dxc4 7. Qc2 a6 8. Qxc4 b5 9. Qc2 Bb7 10. Nc3 Nbd7 11. Rd1 b4 12. Na4 Be4 13. Qb3 Bd5 14. Qc2 Be4 15. Qb3 Bd5 16. Qc2 1/2-1/2

[Event "XXIV San Miguel 2018"]
[Site "Trevias"]
[Date "2018.09.22"]
[Round "6"]
[White "Estrada Martinez, Cesar"]
[Black "Gonzalez Guedes, Iyan"]
[Result "0-1"]
[ECO "A29"]
[WhiteElo "2010"]
[BlackElo "1927"]
[Annotator "NA RC"]
[PlyCount "128"]
[EventDate "2018.09.17"]
[EventType "swiss"]
[EventCountry "ESP"]
[SourceTitle "playchess.com"]
[Source "ChessBase"]
[SourceQuality "1"]
[TimeControl "5400+30"]

1. c4 e5 2. Nc3 Nc6 3. Nf3 Nf6 4. g3 Bc5 5. d3 d5 6. cxd5 Nxd5 7. Bg2 O-O 8. O-O h6 9. Bd2 {A29: English Opening: Four Knights Variation with 4 g3} Be6 10. Rc1 Be7 11. Ne4 f5 12. Nc5 Bxc5 $1 13. Rxc5 Qd6 14. Rc1 e4 $146 ({Predecessor:} 14... Rad8 15. a3 a5 16. Qc2 Rfe8 {1-0 (42) Lehner,O (2416)-Matt,F (2053) Oberwart 2010}) 15. Ne1 Qe5 16. Bc3 Nxc3 17. bxc3 Rad8 18. Qc2 Bd5 19. Qa4 a6 20. d4 (20. dxe4 $11 fxe4 21. Nc2) 20... Qf6 21. Nc2 b5 22. Qa3 a5 23. Ne3 Bf7 24. Qc5 b4 25. d5 Ne7 26. c4 Qd6 27. Qxd6 cxd6 28. Nc2 Rc8 29. Nd4 Rc5 30. Nb5 Nxd5 31. Nxd6 Nc3 32. Rfe1 Bxc4 33. Nxc4 Rxc4 34. Rc2 a4 35. e3 b3 36. axb3 axb3 37. Rb2 Rb8 38. Bf1 Rc5 39. Ra1 Nd5 40. Ra3 Rc3 41. Ra5 Rc2 42. Rb1 b2 43. Rxd5 Rc1 44. Rd1 Rxd1 45. Rxd1 b1=Q 46. Rxb1 Rxb1 47. Kg2 Rb2 48. Bc4+ Kf8 49. h4 Ke7 50. h5 Kf6 51. Bd5 Rd2 52. Bc6 Rd8 53. g4 Rd6 54. Bb7 fxg4 55. Bxe4 Kg5 56. Kg3 Rf6 57. Bg6 Rf3+ 58. Kg2 Rh3 59. Be8 Rxh5 60. Bxh5 Kxh5 61. Kg3 Kg5 62. e4 h5 63. f4+ gxf3 64. Kxf3 Kf6 0-1